 Dungeon Crawl Stone Soup version 0.22-a0-398-g8bb545f (webtiles) character file.

592 w00t the Digger (level 7, -15/51 HPs)
             Began as a Gnoll Earth Elementalist on May 5, 2018.
             Demolished by an ogre
             ... wielding a +0 giant spiked club
              (20 damage)
             ... while paralysed by Grinder
             ... on level 4 of the Dungeon.
             The game lasted 00:08:16 (3938 turns).

w00t the Digger (Gnoll Earth Elementalist)          Turns: 3938, Time: 00:08:17

Health: -15/51     AC:  5    Str: 11    XL:     7   Next: 39%
Magic:  9/15       EV:  2    Int: 19    God:
Gold:   104        SH:  0    Dex: 15    Spells: 0/17 levels left

rFire    + . .     SeeInvis .   b - +2 dagger (venom)
rCold    . . .     Gourm    .   (no shield)
rNeg     . . .     Faith    .   s - +2 robe {rF+}
rPois    .         Spirit   .   (no helmet)
rElec    .         Reflect  .   (no cloak)
rCorr    .         Harm     .   h - +0 pair of gloves
MR       +....                  (no boots)
Stlth    +++.......             (no amulet)
HPRegen  0.17/turn              j - ring of protection from magic {MR+, !d}
MPRegen  0.14/turn              (no ring)

@: paralysed, confusing touch
A: distributed training, fangs 1, strong nose
a: no special abilities


You were on level 4 of the Dungeon.
You were hungry.

You visited 1 branch of the dungeon, and saw 4 of its levels.

You collected 104 gold pieces.

Inventory:

Hand Weapons
 a - a +2 dagger of pain
 b - a +2 dagger of venom (weapon)
Missiles
 f - 26 sling bullets
 l - 88 stones (quivered)
Armour
 h - a +0 pair of gloves (worn)
 s - a +2 robe of fire resistance (worn)
 u - a +0 robe of cold resistance
Jewellery
 j - a ring of protection from magic (left hand) {MR+, !d}
 v - an uncursed ring of protection from cold {unknown}
Scrolls
 c - a scroll of remove curse {unknown}
 g - 5 scrolls of identify {unknown}
 i - 2 scrolls of immolation {unknown}
 k - a scroll of blinking {unknown}
 n - a scroll of amnesia {unknown}
 o - a scroll of teleportation {unknown}
 r - a scroll of enchant weapon {unknown}
Potions
 e - a potion of curing {unknown}
 p - 2 potions of agility {unknown}
 q - 2 potions of degeneration {unknown}
 t - a potion of flight {unknown}
Comestibles
 d - 10 rations


   Skills:
 + Level 2.4 Fighting
 + Level 2.4 Short Blades
 + Level 2.4 Long Blades
 + Level 2.4 Axes
 + Level 2.4 Maces & Flails
 + Level 2.4 Polearms
 + Level 2.4 Staves
 + Level 2.4 Slings
 + Level 2.4 Bows
 + Level 2.4 Crossbows
 + Level 2.4 Throwing
 + Level 2.4 Armour
 + Level 5.2 Dodging
 + Level 4.8 Stealth
 + Level 2.4 Shields
 + Level 2.4 Unarmed Combat
 + Level 5.6 Spellcasting
 + Level 2.0 Conjurations
 + Level 2.0 Hexes
 + Level 2.0 Charms
 + Level 2.0 Summonings
 + Level 2.0 Necromancy
 + Level 2.0 Translocations
 + Level 2.9 Transmutations
 + Level 2.0 Fire Magic
 + Level 2.0 Ice Magic
 + Level 2.0 Air Magic
 + Level 5.8 Earth Magic
 + Level 2.0 Poison Magic
 + Level 2.6 Invocations
 + Level 2.4 Evocations


You couldn't memorise any spells.
You knew the following spells:

 Your Spells              Type           Power        Failure   Level  Hunger
a - Sandblast             Erth           ####..       1%          1    None
b - Stone Arrow           Conj/Erth      ###...       7%          3    ##.....
c - Confusing Touch       Hex            ##....       5%          1    None
d - Lee's Rapid Deconstr  Erth           ####......   30%         5    #####..
p - Passwall              Tmut/Erth      ###.......   3%          2    None
y - Petrify               Tmut/Erth      ###.....     19%         4    ####...
A - Animate Skeleton      Necr           N/A          5%          1    None


Dungeon Overview and Level Annotations

Branches:
Dungeon (4/15)
 Temple: D:4-7

Altars:
Yredelemnul

Annotations:
D:3 exclusion: 2 downstairs
D:4 Grinder


Innate Abilities, Weirdness & Mutations

Your experience applies equally to all skills.
You have very sharp teeth.
Your uncanny sense of smell can sniff out nearby items.


Message History

The orc wizard shouts!
The orc wizard closely misses you. The ogre barely misses you.
You hear a shout!
Found a ration.
You hit the ogre.
The ogre is lightly wounded.
You hear a shout!
Grinder gestures at you.
You suddenly lose the ability to move!
The ogre hits you with a giant spiked club!
The orc wizard hits you with a dagger.
The orc priest miscasts a cantrip.
Grinder says, "You look like you could use a good racking."
The orc wizard hits you but does no damage.
The ogre hits you with a giant spiked club!!
Ouch! That really hurt!
* * * LOW HITPOINT WARNING * * *
The orc wizard hits you but does no damage.
The ogre hits you with a giant spiked club!!
You die...

## # ###### #########
##.####.### #.._^.
#........ ##.#.......
##..^# #.#######.
#.o@..##.# #..^^^
#.#.........#O#.#...#
##.^^# #<5# #..
...#.5o#### ##'##
#†## . ...#####....#
###.# #...
%......#...##.# #...#
##.## .##.##.#.####.#
#..## ##. ∆ .
.#..o####.#####.## #
.###...###.........#
#.<..........######


You could see Grinder, an ogre, an orc priest and an orc wizard.

Vanquished Creatures
  Sigmund (D:2)
  A hound (D:2)
  A bullfrog skeleton (D:4)
  2 orc priests (D:3)
  An iguana (D:4)
  3 orc wizards (D:3)
  A worker ant (D:3)
  Natasha (thrice) (D:2)
  3 adders (D:2)
  A dart slug (D:2)
  A worm (D:1)
  2 leopard geckos
  16 orcs (D:3)
  6 bats
  4 giant cockroaches
  12 goblins
  8 hobgoblins
  4 jackals (D:4)
  A quokka (D:3)
  2 ball pythons
  2 frilled lizards
  8 kobolds
  4 rats
  A spectral orc (D:4)
88 creatures vanquished.

Notes
Turn   | Place    | Note
-------+----------+-------------------------------------------
     0 | D:1      | w00t the Gnoll Earth Elementalist began the quest for the Orb.
     0 | D:1      | Reached XP level 1. HP: 13/13 MP: 6/6
    82 | D:1      | Reached XP level 2. HP: 19/19 MP: 4/7
   435 | D:1      | Reached XP level 3. HP: 23/25 MP: 6/9
   437 | D:1      | Reached skill level 5 in Spellcasting
   906 | D:2      | Reached skill level 1 in Fighting
   906 | D:2      | Reached skill level 1 in Short Blades
   906 | D:2      | Reached skill level 1 in Long Blades
   906 | D:2      | Reached skill level 1 in Axes
   906 | D:2      | Reached skill level 1 in Maces & Flails
   906 | D:2      | Reached skill level 1 in Polearms
   906 | D:2      | Reached skill level 1 in Staves
   906 | D:2      | Reached skill level 1 in Slings
   906 | D:2      | Reached skill level 1 in Bows
   906 | D:2      | Reached skill level 1 in Crossbows
   906 | D:2      | Reached skill level 1 in Throwing
   906 | D:2      | Reached skill level 1 in Armour
   906 | D:2      | Reached skill level 1 in Shields
   906 | D:2      | Reached skill level 1 in Unarmed Combat
   906 | D:2      | Reached skill level 1 in Invocations
   906 | D:2      | Reached skill level 1 in Evocations
   906 | D:2      | Reached XP level 4. HP: 17/32 MP: 9/11
  1074 | D:2      | Noticed Natasha
  1077 | D:2      | Killed Natasha
  1122 | D:2      | Reached skill level 1 in Conjurations
  1122 | D:2      | Reached skill level 1 in Hexes
  1122 | D:2      | Reached skill level 1 in Charms
  1122 | D:2      | Reached skill level 1 in Summonings
  1122 | D:2      | Reached skill level 1 in Necromancy
  1122 | D:2      | Reached skill level 1 in Translocations
  1122 | D:2      | Reached skill level 1 in Fire Magic
  1122 | D:2      | Reached skill level 1 in Ice Magic
  1122 | D:2      | Reached skill level 1 in Air Magic
  1122 | D:2      | Reached skill level 1 in Poison Magic
  1296 | D:2      | Noticed Sigmund
  1307 | D:2      | Learned a level 2 spell: Passwall
  1311 | D:2      | Learned a level 3 spell: Stone Arrow
  1316 | D:2      | Learned a level 4 spell: Petrify
  1344 | D:2      | Noticed Natasha
  1360 | D:2      | Killed Natasha
  1360 | D:2      | Reached XP level 5. HP: 20/37 MP: 10/12
  1495 | D:2      | Noticed Natasha
  1503 | D:2      | Killed Natasha
  1889 | D:2      | Learned a level 1 spell: Animate Skeleton
  2173 | D:2      | Killed Sigmund
  2173 | D:2      | Reached skill level 5 in Dodging
  2173 | D:2      | Reached XP level 6. HP: 35/44 MP: 14/14
  2553 | D:3      | Reached XP level 7. HP: 44/50 MP: 15/15
  2935 | D:3      | Learned a level 5 spell: Lee's Rapid Deconstruction
  3102 | D:3      | Learned a level 1 spell: Confusing Touch
  3500 | D:4      | Noticed Grinder
  3883 | D:4      | Found a basalt altar of Yredelemnul.
  3935 | D:4      | Paralysed by Grinder for 6 turns
  3938 | D:4      | Demolished by an ogre

Vault maps used:
D:1:      evilmike_arrival_run_for_it, serial_park_tiny_2
D:2:      uniq_sigmund, uniq_natasha
D:3:      cheibrodos_old_hovel
D:4:      yredelemnul_forgotten_temple_becter, minmay_temple_entry_grid,
          abandoned_shop, cheibrodos_gnoll_hut, uniq_grinder, uniq_eustachio

Skill      XL: |  1  2  3  4  5  6  7 |
---------------+----------------------+-----
Transmutations | 2 |  2.9
Spellcasting   | 5 |  5.6
Fighting       | 1 2 |  2.4
Short Blades   | 1 2 |  2.4
Long Blades    | 1 2 |  2.4
Axes           | 1 2 |  2.4
Maces & Flails | 1 2 |  2.4
Polearms       | 1 2 |  2.4
Staves         | 1 2 |  2.4
Slings         | 1 2 |  2.4
Bows           | 1 2 |  2.4
Crossbows      | 1 2 |  2.4
Throwing       | 1 2 |  2.4
Armour         | 1 2 |  2.4
Shields        | 1 2 |  2.4
Unarmed Combat | 1 2 |  2.4
Invocations    | 1 2 |  2.6
Evocations     | 1 2 |  2.4
Conjurations   | 1 2 |  2.0
Hexes          | 1 2 |  2.0
Charms         | 1 2 |  2.0
Summonings     | 1 2 |  2.0
Necromancy     | 1 2 |  2.0
Translocations | 1 2 |  2.0
Fire Magic     | 1 2 |  2.0
Ice Magic      | 1 2 |  2.0
Air Magic      | 1 2 |  2.0
Poison Magic   | 1 2 |  2.0
Dodging        | 5 |  5.2
Stealth        | |  4.8
Earth Magic    | |  5.8

Action                   |  1- 3 |  4- 6 |  7- 9 || total
-------------------------+-------+-------+-------++-------
Melee: Dagger            |    54 |    79 |    72 ||   205
       Bite              |     2 |     7 |     2 ||    11
       Punch             |       |     1 |     1 ||     2
 Cast: Sandblast         |    19 |     8 |     6 ||    33
       Animate Skeleton  |       |     2 |     2 ||     4
       Confusing Touch   |       |       |     4 ||     4
       Stone Arrow       |       |       |     3 ||     3
 Stab: Sleeping          |     3 |     5 |     2 ||    10
  Eat: Chunk             |       |     5 |     4 ||     9
Armor: Robe              |    12 |     8 |    14 ||    34
Dodge: Dodged            |    44 |    54 |    55 ||   153

Table legend:
 A = Spawn XP
 B = Non-spawn XP
 C = Spawn XP percentage of total XP
 D = Spawn monster count
 E = Non-spawn monster count
 F = Spawn count percentage of total count
 G = Total turns spent on level
                    A         B        C        D         E        F      G
               +---------+---------+-------+---------+---------+-------+---------
         Total |       0 |     846 |   0.0 |       0 |      88 |   0.0 |  3938
               +---------+---------+-------+---------+---------+-------+---------
           D:1 |       0 |      56 |   0.0 |       0 |      29 |   0.0 |   884
           D:2 |       0 |     420 |   0.0 |       0 |      22 |   0.0 |  1517
           D:3 |       0 |     283 |   0.0 |       0 |      30 |   0.0 |  1405
           D:4 |       0 |      87 |   0.0 |       0 |       7 |   0.0 |   132
               +---------+---------+-------+---------+---------+-------+---------
